 Dungeon Crawl Stone Soup version 0.30-a0-377-g5cb311bc9f (webtiles) character file.

Game seed: 254310157093970368

3759 pokeman the Thaumaturge (level 9, -12/52 HPs)
             Began as a Deep Elf Hedge Wizard on Nov 28, 2022.
             Was an Initiate of Vehumet.
             Hit by a large rock thrown by a cyclops (18 damage)
             ... on level 7 of the Dungeon on Nov 29, 2022.
             The game lasted 00:19:00 (9044 turns).

pokeman the Thaumaturge (Deep Elf Hedge Wizard)     Turns: 9044, Time: 00:19:00

Health: -12/52     AC: 14    Str:  7    XL:     9   Next: 94%
Magic:  23/28      EV: 13    Int: 24    God:    Vehumet [......]
Gold:   259        SH:  0    Dex: 20    Spells: 26/34 levels left

rFire   . . .      SeeInvis .    B - +1 dagger (elec)
rCold   . . .      Faith    .    (no shield)
rNeg    . . .      Spirit   .    P - +0 steam dragon scales
rPois   .          Reflect  .    F - +2 helmet
rElec   .          Harm     .    (no cloak)
rCorr   .          Rampage  .    N - +0 pair of gloves
Will    .....                    (no boots)
Stlth   +++.......               L - amulet of magic regeneration
HPRegen 0.28/turn                t - +4 ring of protection
MPRegen 0.61/turn                z - +6 ring of dexterity

@: on blink cooldown
A: no striking features
a: Renounce Religion


You were on level 7 of the Dungeon.
You worshipped Vehumet.
Vehumet was noncommittal.
You visited 2 branches of the dungeon, and saw 8 of its levels.
You also visited: Sewer.

You collected 429 gold pieces.
You spent 170 gold pieces at shops.

Inventory:

Hand Weapons
 B - a +1 dagger of electrocution (weapon)
 J - a +0 arbalest
Missiles
 a - a throwing net
 v - 5 curare-tipped darts
Armour
 F - a +2 helmet (worn)
 N - a +0 pair of gloves (worn)
 P - +0 steam dragon scales (worn)
Magical Staves
 q - a staff of poison
Jewellery
 t - a +4 ring of protection (left hand)
 x - a ring of fire
 y - a ring of flight
 z - a +6 ring of dexterity (right hand)
 L - an amulet of magic regeneration (around neck)
Wands
 w - a wand of iceblast (20)
 E - a wand of charming (8)
 K - a wand of flame (15)
 M - a wand of mindburst (24)
Scrolls
 g - 4 scrolls of immolation
 i - a scroll of poison
 j - 3 scrolls of enchant weapon
 k - 4 scrolls of enchant armour
 l - a scroll of fear
 n - 2 scrolls of teleportation
 o - 3 scrolls of blinking
 p - 2 scrolls of silence
 s - a scroll of vulnerability
 u - 3 scrolls of amnesia
 H - a scroll of brand weapon
 I - a scroll of fog
 O - 4 scrolls of noise {unknown}
Potions
 b - 2 potions of mutation {unknown}
 d - a potion of magic
 e - 5 potions of heal wounds
 f - a potion of ambrosia {unknown}
 h - 2 potions of berserk rage {unknown}
 m - 3 potions of resistance {unknown}
 r - a potion of brilliance {unknown}
 A - 3 potions of invisibility {unknown}
 C - 2 potions of might {unknown}
 D - a potion of lignification {unknown}
 G - 2 potions of curing {unknown}


   Skills:
 - Level 4.0 Fighting
 + Level 3.4 Armour
 - Level 3.2 Dodging
 - Level 3.2 Stealth
 * Level 13.4 Spellcasting
 + Level 7.6 Conjurations
 - Level 1.1 Summonings
 - Level 1.1 Translocations
 - Level 1.1 Air Magic
 - Level 1.2 Poison Magic
 - Level 1.0 Evocations


You had 26 spell levels left.
You knew the following spells:

 Your Spells              Type           Power      Damage    Failure   Level
a - Magic Dart            Conj           100%       1d8       1%          1
b - Mephitic Cloud        Conj/Pois/Air  32%        N/A       2%          3
c - Call Imp              Summ           21%        N/A       3%          2
d - Blink                 Tloc           42%        N/A       3%          2

Your spell library contained the following spells:

 Spells                   Type           Power      Damage    Failure   Level
 Freeze                   Ice            64%        1d7       3%          1
 Slow                     Hex            64%        N/A       3%          1
 Cigotuvi's Dreadful Rot  Necr/Pois/Air  38%        N/A       4%          2
 Gell's Gravitas          Tloc           21%        N/A       7%          3
 Teleport Other           Tloc           21%        N/A       7%          3
 Manifold Assault         Tloc           21%        N/A       24%         4
 Dispersal                Tloc           10%        N/A       98%         6
 Storm Form               Tmut/Air       9%         N/A       100%        7


Dungeon Overview and Level Annotations

Branches:
Dungeon (7/15)             Temple (1/1) D:6           Sewer (visited)

Altars:
Ashenzari
Dithmenos
Elyvilon
Fedhas
Gozag
Hepliaklqana
Makhleb
Nemelex Xobeh
Okawaru
Qazlal
Trog
Uskayaw
Vehumet
Wu Jian
Xom
Yredelemnul
Zin
The Shining One
Lugonu

Shops:
D:5 *   D:6 :


Message History

Casting: Mephitic Cloud (dangerous; 2% risk of failure)
Confirm with . or Enter, or press ? or * to list all spells.
Aiming: Mephitic Cloud (dangerous; 2% risk of failure)
Press: ? - help, Shift-Dir - straight line, f - boulder beetle
Aim: a boulder beetle (wandering, hasn't noticed you, chance to affect: 43%)
The ball explodes into a vile cloud!
The stinking cloud engulfs the boulder beetle but does no damage.
You hear a croak.
Something hits you but does no damage.
The boulder beetle is engulfed in noxious fumes.
The boulder beetle appears confused.
Unknown command.
Something hits the ice beast!
Something hits the boulder beetle but does no damage.
Something hits the ice beast.
The boulder beetle barely misses you.
The boulder beetle seems less confused.
The boulder beetle bites you!!
* * * LOW HITPOINT WARNING * * *
Unknown command.
Something barely misses you.
Casting: Mephitic Cloud (dangerous; 2% risk of failure)
Confirm with . or Enter, or press ? or * to list all spells.
You blink.
Something hits the ice beast.
Something completely misses you.
The boulder beetle curls into a ball and begins rolling!
Unknown command.
Casting: Blink (safe; 3% risk of failure)
Confirm with . or Enter, or press ? or * to list all spells.
Aiming: Mephitic Cloud (dangerous; 2% risk of failure)
Press: ? - help, Shift-Dir - straight line, f/p - boulder beetle
Aim: a boulder beetle (rolling, chance to affect: 43%)
The ball explodes into a vile cloud!
The stinking cloud engulfs the boulder beetle but does no damage.
The stinking cloud engulfs something but does no damage.
You hear a shout!
Something shouts, "Scamper hence, thou dandy toad-spotted mish-mash!"
Something hits the boulder beetle but does no damage.
Something hits you.
* * * LOW HITPOINT WARNING * * *
A centaur comes into view. It is wielding a +0 club.
The cyclops throws a large rock.
The large rock hits you!!
You die...

#........# #...g....# #
##..###..#.# ##{.###....#
#..B#.†...## #(○§#<(..##
######### #Y..#.†.## ##.......#
#...###†#
.........#######@..###.#
##..###........#.....#..
#..##^##.......C.....#.#.
..##...##............#Y#.#
.##.._..##..#..#######.##.
##..^..^.##..####.C.##..## ##.
#....^....##c............## #?.
...#####^..#....Y...D...h.###.###
#^'#.#.#'.##........##..#........


You could see a boulder beetle (rolling), a cyclops, an ice beast, a centaur and
a gnoll.

Vanquished Creatures
  A komodo dragon (D:7)
  Grinder (D:4)
  A wyvern (D:7)
  A steam dragon (D:6)
  Edmund (D:4)
  A water moccasin (D:5)
  2 orc warriors (D:6)
  2 sky beasts (D:7)
  3 ice beasts
  An ogre (D:4)
  2 centaurs
  2 phantoms
  5 kobold brigands
  3 bullfrogs
  6 scorpions
  A gnoll bouda (D:7)
  4 jellies
  3 iguanas
  5 hounds
  2 orc wizards
  2 gnolls (D:7)
  6 river rats
  14 adders
  2 shadow imps (D:6)
  2 white imps
  An ufetubus (D:5)
  9 worms
  17 orcs
  6 ball pythons
  2 bats
  10 endoplasms
  7 giant cockroaches
  4 goblins
  5 jackals
  24 kobolds
  4 quokkas
  A frilled lizard (D:1)
  23 rats
186 creatures vanquished.

Vanquished Creatures (collateral kills)
  A scorpion (D:7)
  An adder (D:5)
  A river rat (D:5)
  A quokka (D:5)
  2 rats
6 creatures vanquished.

Grand Total: 192 creatures vanquished

Notes
Turn   | Place    | Note
-------+----------+-------------------------------------------
     0 | D:1      | pokeman the Deep Elf Hedge Wizard began the quest for the
                  | Orb.
     0 | D:1      | Reached XP level 1. HP: 10/10 MP: 7/7
   465 | D:1      | Reached XP level 2. HP: 16/16 MP: 5/9
   947 | D:1      | Found a faded altar of an unknown god.
  1054 | D:2      | Reached skill level 5 in Spellcasting
  1228 | D:2      | Reached XP level 3. HP: 20/20 MP: 3/11
  1232 | D:2      | Learned a level 3 spell: Mephitic Cloud
  1235 | D:2      | Learned a level 2 spell: Call Imp
  1238 | D:2      | Learned a level 2 spell: Blink
  1744 | D:2      | Reached skill level 1 in Fighting
  1897 | D:2      | Reached skill level 1 in Armour
  2433 | D:3      | Reached XP level 4. HP: 22/25 MP: 3/13
  3151 | D:3      | Found an ornate altar of the Wu Jian Council.
  3215 | D:3      | Found a white marble altar of Elyvilon.
  3635 | D:3      | Noticed a kobold brigand
  3637 | D:3      | Noticed a kobold brigand
  3644 | D:3      | Killed a kobold brigand
  3645 | D:3      | Reached skill level 6 in Spellcasting
  3645 | D:3      | Reached XP level 5. HP: 27/29 MP: 1/15
  3944 | D:4      | Reached skill level 1 in Air Magic
  3944 | D:4      | Reached skill level 1 in Poison Magic
  3944 | D:4      | Reached XP level 6. HP: 32/34 MP: 13/17
  3975 | D:4      | Reached skill level 7 in Spellcasting
  4097 | D:4      | Found a bloodstained altar of Trog.
  4229 | D:4      | Reached skill level 1 in Evocations
  4294 | D:4      | Noticed Edmund
  4329 | D:4      | Killed Edmund
  4330 | D:4      | Reached XP level 7. HP: 35/39 MP: 14/20
  4510 | D:4      | Found a basalt altar of Yredelemnul.
  4565 | D:4      | Noticed Grinder
  4576 | D:3      | Reached skill level 8 in Spellcasting
  5242 | D:4      | Killed Grinder
  5243 | D:4      | Reached skill level 9 in Spellcasting
  5504 | D:5      | Entered Level 5 of the Dungeon
  5523 | D:5      | Found a broken altar of Ashenzari.
  5593 | D:5      | Found a glowing drain.
  5607 | Sewer    | Entered a sewer
  5708 | Sewer    | Reached XP level 8. HP: 44/44 MP: 18/23
  5991 | Sewer    | Reached skill level 5 in Conjurations
  6577 | D:5      | Reached skill level 10 in Spellcasting
  6653 | D:5      | Found a blossoming altar of Fedhas.
  7006 | D:5      | Found Jad Denu's General Store.
  7025 | D:5      | Found Guafew's Specific Store.
  7030 | D:5      | Bought 2 potions of heal wounds for 100 gold pieces
  7034 | D:5      | Bought a scroll of identify for 28 gold pieces
  7034 | D:5      | Bought a scroll of teleportation for 42 gold pieces
  7280 | D:5      | Reached skill level 11 in Spellcasting
  7762 | D:6      | Reached XP level 9. HP: 43/49 MP: 21/26
  8001 | D:6      | Found Siecestre's Tremendous Tomes.
  8094 | D:6      | Found a staircase to the Ecumenical Temple.
  8103 | Temple   | Entered the Ecumenical Temple
  8117 | Temple   | Became a worshipper of Vehumet
  8408 | D:6      | Reached skill level 12 in Spellcasting
  8849 | D:7      | Reached skill level 13 in Spellcasting
  8862 | D:7      | Reached * piety under Vehumet
  8862 | D:7      | Offered knowledge of Freeze by Vehumet.
  8918 | D:7      | Found a stormy altar of Qazlal.
  8918 | D:7      | Found a hazy altar of Hepliaklqana.
  8919 | D:7      | Found a glowing golden altar of the Shining One.
  8919 | D:7      | Found a hide-covered altar of Uskayaw.
  8946 | D:7      | Found a sparkling altar of Nemelex Xobeh.
  8990 | D:7      | Noticed a komodo dragon
  9003 | D:7      | Killed a komodo dragon
  9012 | D:7      | Noticed a cyclops
  9036 | D:7      | Noticed a boulder beetle
  9044 | D:7      | Hit by a large rock thrown by a cyclops

Illustrated notes

Levels and vault maps discovered:
D:1:      minmay_arrival_widening_spiral_wide, layout_basic,
          shapermc_ecumenical_altar_mp_vishouse
D:2:      layout_basic, serial_bayou_pond_c, st_stairs_11
D:3:      cheibrodos_thug_alley, layout_basic, minitemple
D:4:      layout_basic, overflow_temple_1_default, yredelemnul_altar_generic,
          grunt_ministairs_8, uniq_edmund, uniq_grinder
D:5:      lemuel_ratsnest, layout_basic, mainiacjoe_overflow_boulevard,
          nicolae_ashenzari_panopticon, cheibrodos_sewer_entry_bend,
          nicolae_specific_store, minmay_misc_feat_ornament
D:6:      layout_basic, minmay_temple_entry_water_ring,
          nicolae_shop_i_like_big_books
D:7:      minmay_the_grid_octo_tiled_octocenter
          [minmay_the_grid_octo_checkerflower, minmay_the_grid_octo_concentric,
          minmay_the_grid_octo_focus, minmay_the_grid_octo_checkered,
          minmay_the_grid_octo_prize_big_c,
          minmay_the_grid_square_5x5_doubleslash,
          minmay_the_grid_square_5x5_three_small,
          minmay_the_grid_square_5x5_two_small,
          minmay_the_grid_square_5x5_moneybag], layout_gridville,
          chequers_temple_overflow_statue_of_worship, nemelex_spade_bored_becter
Temple:   corrupted_temple

Skill      XL: |  1  2  3  4  5  6  7  8  9 |
---------------+----------------------------+-----
Spellcasting   | 5 6 7 9 11 13 | 13.4
Fighting       | 1 2 4 |  4.0
Armour         | 1 2 3 |  3.4
Conjurations   | 2 3 4 6 7 |  7.6
Dodging        | 3 |  3.2
Stealth        | 3 |  3.2
Air Magic      | 1 |  1.1
Poison Magic   | 1 |  1.2
Evocations     | 1 |  1.0
Summonings     | |  1.1
Translocations | |  1.1

Action                   |  1- 3 |  4- 6 |  7- 9 || total
-------------------------+-------+-------+-------++-------
Melee: Dagger            |    10 |       |    86 ||    96
       Long sword        |       |    40 |     9 ||    49
       Punch             |       |     2 |     2 ||     4
 Cast: Magic Dart        |   115 |   105 |   355 ||   575
       Mephitic Cloud    |       |     6 |    29 ||    35
       Call Imp          |       |     4 |     5 ||     9
       Blink             |       |     2 |     2 ||     4
  Use: Potion            |       |       |     1 ||     1
       Scroll            |       |       |    11 ||    11
 Stab: Confused          |       |     4 |    16 ||    20
Armor: Robe              |     4 |     4 |       ||     8
       Leather armour    |       |     1 |    30 ||    31
       Steam dragon scal |       |       |    33 ||    33
Dodge: Dodged            |    22 |    19 |    92 ||   133

Table legend: (Time is in decaauts)
 A = Elapsed time spent in this place.
 B = Non-inter-level travel time spent in this place.
 C = Inter-level travel time spent in this place.
 D = Time resting spent in this place.
 E = Time spent auto-exploring this place.
 F = Levels seen in this place.
 G = Mean time per level.
                   A        B        C        D        E       F      G
               +--------+--------+--------+--------+--------+-----+--------+
         Total |   9113 |   8896 |    217 |    192 |   7142 |   9 | 1012.6 |
       Dungeon |   8373 |   8168 |    205 |    192 |   6564 |   7 | 1196.1 |
        Temple |     28 |     16 |     12 |      0 |      6 |   1 |   28.0 |
         Sewer |    711 |    711 |      0 |      0 |    572 |   1 |  711.0 |
               +--------+--------+--------+--------+--------+-----+--------+

Top non-repeatable levels by time:
     D:5: 1575 daAuts
     D:4: 1533 daAuts
     D:2: 1504 daAuts
     D:3: 1491 daAuts
     D:1: 986 daAuts
     D:6: 911 daAuts
   Sewer: 711 daAuts
     D:7: 371 daAuts
  Temple: 28 daAuts
